 Dungeon Crawl Stone Soup version 0.29.0-7-g18a832c13a (webtiles) character file.

Game seed: 13762687432002678736

470 SensoryNuts the Slasher (level 6, -5/48 HPs)
             Began as a Demonspawn Fighter on Aug 31, 2022.
             Killed by nerve-wracking pain
             ... invoked by an orc priest
              (6 damage)
             ... on level 4 of the Dungeon.
             The game lasted 00:03:56 (8065 turns).

SensoryNuts the Slasher (Demonspawn Fighter)        Turns: 8065, Time: 00:03:56

Health: -5/48      AC:  9    Str: 17    XL:     6   Next: 82%
Magic:  6/6        EV:  9    Int:  9    God:
Gold:   225        SH:  0    Dex: 14    Spells: 5/5 levels left

rFire   + . .      SeeInvis .   a - +1 long sword
rCold   + . .      Faith    .   c - +0 buckler
rNeg    . . .      Spirit   .   b - +0 scale mail
rPois   +          Reflect  .   (no helmet)
rElec   +          Harm     .   (no cloak)
rCorr   +          Rampage  .   (no gloves)
Will    .....                   (no boots)
Stlth   ..........              (no amulet)
HPRegen 0.16/turn               (no ring)
MPRegen 0.10/turn               (no ring)

@: confused, resistant
A: slimy green scales 1, foul stench 1, powered by death 2
a: no special abilities


You were on level 4 of the Dungeon.
You visited 1 branch of the dungeon, and saw 4 of its levels.

You collected 225 gold pieces.

Inventory:

Hand Weapons
 a - a +1 long sword (weapon)
Missiles
 k - a throwing net (quivered)
Armour
 b - a +0 scale mail (worn)
 c - a +0 buckler (worn)
Wands
 f - a wand of polymorph (11)
Scrolls
 e - a scroll of immolation {unknown}
 g - a scroll of fear
Potions
 d - a potion of ambrosia
 j - a potion of curing


   Skills:
 + Level 4.0 Fighting
 * Level 5.0 Long Blades
 + Level 3.9 Armour
 + Level 1.2 Dodging
 + Level 0.5 Stealth
 + Level 3.2 Shields


You had 5 spell levels left.
You didn't know any spells.
Your spell library contained the following spells:

 Spells                   Type           Power      Damage    Failure   Level
 Necrotise                Necr           0%         1d4       86%         1
 Sublimation of Blood     Necr           0%         N/A       95%         2
 Dazzling Flash           Conj/Hex       0%         N/A       99%         3
 Stone Arrow              Conj/Erth      0%         3d7       99%         3
 Vampiric Draining        Necr           0%         2d6       99%         3
 Animate Armour           Summ/Erth      0%         N/A       100%        4
 Petrify                  Tmut/Erth      0%         N/A       100%        4
 Agony                    Necr           0%         N/A       100%        5
 Irradiate                Conj/Tmut      0%         3d11      100%        5
 Silence                  Hex/Air        0%         N/A       100%        5
 Lehudib's Crystal Spear  Conj/Erth      0%         10d2      100%        8


Dungeon Overview and Level Annotations

Branches:
Dungeon (4/15)
 Temple: D:4-7

Altars:
Gozag
Uskayaw

Annotations:
D:4 3 runed translucent doors, Adrian566's ghost, amateur DsBr; Dowan; Duvessa


Innate Abilities, Weirdness & Mutations

You are partially covered in slimy green scales. (AC +2)
You may rarely emit foul miasma when damaged in melee.
You regenerate health from kills.


Message History

You hit Duvessa but do no damage.
Duvessa is moderately wounded.
Duvessa barely misses you. Something hits you.
Dowan casts a spell.
Dowan blinks!
Duvessa hits you with a +0 rapier.
Uskayaw booms out, "Time for someone else to take a solo" You suddenly lose the ability to move!
Duvessa barely misses you. Something hits you but does no damage.
Duvessa hits you but does no damage.
You hear some strange, mumbled words.
You are confused.
Duvessa hits you with a +0 rapier.
* * * LOW HITPOINT WARNING * * *
You can move again.
You hit Duvessa but do no damage.
Duvessa is moderately wounded.
Duvessa hits you with a +0 rapier.
* * * LOW HITPOINT WARNING * * *
The orc priest hits you but does no damage.
Something hits you but does no damage. Dowan gestures at you while chanting.
The puff of flame hits you. You resist.
* * * LOW HITPOINT WARNING * * *
Duvessa hits you with a +0 rapier.
* * * LOW HITPOINT WARNING * * *
You emit a cloud of foul miasma!
The orc priest looks encouraged for a moment.
You hear some strange, mumbled words.
Something tries to affect you, but you resist.
Duvessa is engulfed in dark miasma.
Duvessa is poisoned.
Duvessa says, "When magic and the sword combine, nothing stands against them."
Duvessa hits you with a +0 rapier.
* * * LOW HITPOINT WARNING * * *
You completely miss something.
Duvessa is engulfed in dark miasma.
Duvessa looks even sicker.
Duvessa closely misses you. Something hits you but does no damage.
Duvessa is engulfed in dark miasma.
Duvessa looks even sicker.
Duvessa barely misses you.
The orc priest calls down the wrath of Beogh upon you.
Pain shoots through your body!
You die...

#######.#)#.#########.#####
................... .>.....
#####..#.#.#########.#####
#..#.#.##### #
#..#..##.8∩##
######..#)e#..$.∩#
#....#..#..+W..$8#
#.##......e+c_8.∩#
#.#######o@+g$..8#
#........{.#.$.$.#
#########.†##.8.##
##.###### #.# #.# #.# #.#
#.#


You could see Duvessa (fast, very poisoned), Dowan, a centaur, an orc priest,
Adrian566's ghost and a goblin.

Vanquished Creatures
  Sigmund (D:3)
  Menkaure (D:4)
  2 orc priests (D:3)
  An iguana (D:4)
  4 adders (D:2)
  2 dart slugs
  3 orcs (D:3)
  3 endoplasms
  3 giant cockroaches
  8 hobgoblins
  8 quokkas
  3 ball pythons
  5 bats
  2 frilled lizards
  2 goblins
  7 kobolds
  7 rats
62 creatures vanquished.

Notes
Turn   | Place    | Note
-------+----------+-------------------------------------------
     0 | D:1      | SensoryNuts the Demonspawn Fighter began the quest for the
                  | Orb.
     0 | D:1      | Reached XP level 1. HP: 18/18 MP: 1/1
   386 | D:1      | Reached skill level 2 in Long Blades
   598 | D:1      | Gained mutation: You regenerate a little health from kills.
                  | [demonic ancestry]
   598 | D:1      | Reached XP level 2. HP: 24/24 MP: 2/2
   650 | D:1      | Found a faded altar of an unknown god.
   729 | D:1      | Prayed at the altar of an unknown god.
   729 | D:1      | Became a worshipper of Uskayaw the Reveller
   729 | D:1      | Reached * piety under Uskayaw
   731 | D:1      | Fell from the grace of Uskayaw
  4989 | D:1      | Glimpsed the power of Zot.
  5165 | D:2      | HP: 1/24 [poisoned by an adder]
  5608 | D:2      | Gained mutation: You may rarely emit foul miasma when
                  | damaged in melee. [demonic ancestry]
  5608 | D:2      | Reached XP level 3. HP: 26/29 MP: 3/3
  6258 | D:2      | Gained mutation: You are partially covered in slimy green
                  | scales. (AC +2) [demonic ancestry]
  6258 | D:2      | Reached XP level 4. HP: 35/35 MP: 4/4
  6560 | D:3      | Noticed Sigmund
  6593 | D:3      | Killed Sigmund
  6594 | D:3      | Reached skill level 4 in Long Blades
  6594 | D:3      | Reached skill level 1 in Dodging
  6594 | D:3      | Reached XP level 5. HP: 30/41 MP: 5/5
  6687 | D:3      | Gained mutation: You regenerate health from kills. [demonic
                  | ancestry]
  6687 | D:3      | Reached XP level 6. HP: 30/48 MP: 6/6
  7885 | D:4      | Found a runed translucent gate.
  7887 | D:4      | Found a runed translucent gate.
  7887 | D:4      | Found a runed translucent gate.
  7888 | D:4      | Found an opulent altar of Gozag.
  7889 | D:4      | Noticed Adrian566's ghost (amateur DsBr)
  7915 | D:4      | Noticed Menkaure
  7924 | D:4      | Killed Menkaure
  7925 | D:4      | Reached skill level 5 in Long Blades
  8040 | D:4      | Noticed Dowan
  8043 | D:4      | Noticed Duvessa
  8060 | D:4      | Paralysed by the fury of Uskayaw for 3 turns
  8064 | D:4      | HP: 1/48 [Duvessa/+0 rapier (5)]
  8065 | D:4      | Killed from afar by an orc priest

Illustrated notes

Levels and vault maps discovered:
D:1:      dpeg_arrival_pits, layout_loops_ring,
          hellmonk_ecumenical_altar_crossroads
D:2:      layout_basic
D:3:      layout_basic, uniq_sigmund
D:4:      layout_basic, mainiacjoe_overflow_paths, ebering_ghost_gozag,
          uniq_menkaure, uniq_duvessa, uniq_blork_the_orc

Skill      XL: |  1  2  3  4  5  6 |
---------------+-------------------+-----
Long Blades    | 2 4 5 |  5.0
Armour         | 3 |  3.9
Dodging        | 1 |  1.2
Shields        | 3 |  3.2
Fighting       | 4 |  4.0
Stealth        | |  0.5

Action                   |  1- 3 |  4- 6 || total
-------------------------+-------+-------++-------
Melee: Long sword        |   100 |   121 ||   221
Invok: Renounce Religion |     1 |       ||     1
  Use: Scroll            |       |     9 ||     9
       Potion            |       |     5 ||     5
Armor: Scale mail        |    51 |    65 ||   116
Dodge: Dodged            |    45 |    50 ||    95
Block: Buckler           |    23 |    18 ||    41
